 Dungeon Crawl Stone Soup version 0.20.1-1-g8b1a95d66d (webtiles) character file.

4495 Gargoyl the Chopper (level 10, -2/81 HPs)
             Began as a Centaur Abyssal Knight on Jan 2, 2018.
             Was an Elder of Lugonu.
             Succumbed to a killer bee's poison
             ... on level 8 of the Dungeon.
             The game lasted 00:19:50 (11937 turns).

Gargoyl the Chopper (Centaur Abyssal Knight)       Turns: 11937, Time: 00:19:51

Health: -2/81      AC: 13    Str: 16    XL:     10   Next: 16%
Magic:  15/15      EV:  5    Int: 11    God:    Lugonu [****..]
Gold:   401        SH:  0    Dex: 14    Spells: 9/9 levels left

rFire    + + .     SeeInvis +   a - +2 hand axe
rCold    . . .     Gourm    .   (no shield)
rNeg     . . .     Faith    .   m - +2 chain mail {rF+}
rPois    .         Spirit   .   (no helmet)
rElec    +         Reflect  .   (no cloak)
rCorr    .         Harm     .   b - +0 pair of gloves
MR       .....                  (no barding)
Stlth    ..........             j - amulet of magic regeneration
Regen    0.3/turn               h - +3 ring of dexterity
MPRegen  0.3/turn               g - ring of see invisible

@: lethally poisoned (-2 -> -41), very quick
A: hooves 3, deformed body, fire resistance 1, speed 2, electricity resistance,
tough skin 3
a: Depart the Abyss, Bend Space, Banish, Corrupt, Renounce Religion


You were on level 8 of the Dungeon.
You worshipped Lugonu.
Lugonu was greatly pleased with you.
You were not hungry.

You visited 1 branch of the dungeon, and saw 8 of its levels.
You visited the Abyss 1 time.

You collected 401 gold pieces.

Inventory:

Hand Weapons
 a - a +2 hand axe (weapon)
Missiles
 t - 13 tomahawks (quivered)
Armour
 b - a +0 pair of gloves (worn)
 m - a +2 chain mail of fire resistance (worn)
Jewellery
 g - a ring of see invisible (right hand)
 h - a +3 ring of dexterity (left hand)
 j - an amulet of magic regeneration (around neck)
Wands
 l - a wand of acid (0/15)
 u - a wand of iceblast (5/15)
 y - a wand of clouds (4/9)
Scrolls
 e - a scroll of identify
 i - 4 scrolls of remove curse
 n - 5 scrolls of teleportation
 s - a scroll of amnesia
 w - 2 scrolls of enchant weapon
Potions
 k - a potion of magic
 r - a potion of mutation
 v - a potion of flight {unknown}
 x - a potion of haste {unknown}
 z - a potion of cancellation {unknown}
Books
 o - a Necronomicon

   Spells                             Type                      Level
   a - Haunt                          Necromancy/Summoning         7
   b - Borgnjor's Revivification      Necromancy                   8
   c - Death's Door                   Charms/Necromancy            8
   d - Infestation                    Necromancy                   8
   e - Necromutation                  Transmutation/Necromancy     8
Comestibles
 c - 5 bread rations
 d - a royal jelly
 f - 6 fruits
 p - 6 chunks of flesh
 q - 8 meat rations


   Skills:
 + Level 5.5 Fighting
 + Level 7.5 Axes
 + Level 0.9 Throwing
 * Level 7.5 Armour
 + Level 1.6 Dodging
 * Level 7.0 Invocations
 + Level 0.1 Evocations


You had 9 spell levels left.
You didn't know any spells.

Dungeon Overview and Level Annotations

Branches:
Dungeon (8/15)             Temple (0/1) D:5
   Lair: D:8-11

Altars:

Shops:
D:6 =


Innate Abilities, Weirdness & Mutations

You have hooves in place of feet.
Armour fits poorly on your strangely shaped body.
You cover ground very quickly.
You have extremely tough skin. (AC +3)
Your flesh is heat resistant. (rF+)
You are resistant to electric shocks. (rElec)


Message History

The killer bee stings you but does no damage. x3
You barely miss the killer bee.
The killer bee is heavily wounded.
You hit the killer bee.
* * * LOW HITPOINT WARNING * * *
You feel sick. The killer bee stings you.
* * * LOW HITPOINT WARNING * * *
The killer bee stings you.
* * * LOW HITPOINT WARNING * * *
You are more poisoned.
The killer bee poisons you! The killer bee stings you.
* * * LOW HITPOINT WARNING * * *
The killer bee stings you.
* * * LOW HITPOINT WARNING * * *
You are more poisoned.
The killer bee poisons you!
You hit the killer bee.
The killer bee is heavily wounded.
You closely miss the killer bee.
You die...

##.....##.####.#####..
#..##.##......# ##.
#........##.... #.
#......####..... #.
#.###### #...... ..
##)##=)$# #.....##
#)..#$#.# #.....#
###.#.#[y'##########
#......@y...#
###+++#.#.### #.....
##..### .... #....
..... .....


You could see 2 killer bees.

Vanquished Creatures
  Pikel (D:8)
  The ghost of Gargoyl the Skirmisher, an amateur CeAK of Lugonu (D:4)
  Grinder (D:6)
  A hippogriff (D:7)
  Sigmund (D:2)
  2 wyverns (D:8)
  Grum (D:7)
  The ghost of Jynx the Changer, an amateur MfTm (D:3)
  A water moccasin (D:7)
  An ice beast (D:5)
  A phantom (D:4)
  A sky beast (D:5)
  An orc warrior (D:5)
  3 ogres
  4 wolves (D:7)
  2 centaurs
  A bullfrog (D:6)
  2 scorpions
  2 killer bees (D:8)
  4 wights (D:6)
  3 howler monkeys (D:7)
  2 crimson imps
  A centaur skeleton (D:7)
  3 orc priests
  2 hounds (D:5)
  7 orc wizards
  A bullfrog skeleton (D:4)
  4 iguanas
  5 worker ants
  3 hound zombies
  A hound skeleton (D:7)
  4 gnolls
  2 howler monkey skeletons
  7 adders
  A shadow imp (D:7)
  5 oozes
  An adder zombie (D:7)
  3 adder skeletons
  3 worms
  5 dart slugs
  6 leopard geckos
  29 orcs
  2 ball pythons
  3 bats
  10 giant cockroaches
  13 goblins
  5 hobgoblins (D:1)
  4 quokkas
  6 frilled lizards
  A giant cockroach zombie (D:6)
  7 kobolds
  A quokka skeleton (D:6)
  7 rats
189 creatures vanquished.

Vanquished Creatures (others)
  A slave (D:8)
  An ogre (D:8)
  An adder skeleton (D:8)
  3 orcs (D:8)
6 creatures vanquished.

Grand Total: 195 creatures vanquished

Notes
Turn   | Place    | Note
-------+----------+-------------------------------------------
     0 | Abyss:1  | Gargoyl the Centaur Abyssal Knight began the quest for the Orb.
     0 | Abyss:1  | Reached XP level 1. HP: 19/19 MP: 2/2
    95 | Abyss:2  | Noticed a green draconian shifter
   100 | D:1      | Escaped the Abyss
   158 | D:1      | Reached XP level 2. HP: 21/26 MP: 3/3
   433 | D:1      | Reached * piety under Lugonu
   583 | D:1      | Reached XP level 3. HP: 15/31 MP: 4/4
  1848 | D:2      | Reached XP level 4. HP: 35/38 MP: 6/6
  2000 | D:2      | Noticed Sigmund
  2025 | D:2      | Killed Sigmund
  2025 | D:2      | Reached XP level 5. HP: 40/46 MP: 7/7
  2367 | D:2      | Reached XP level 6. HP: 9/52 MP: 8/8
  2628 | D:3      | Noticed Jynx's ghost (amateur MfTm)
  2657 | D:3      | Killed Jynx's ghost
  3017 | D:3      | Reached ** piety under Lugonu
  3431 | D:4      | Noticed Gargoyl's ghost (amateur CeAK)
  3705 | D:4      | Gained mutation: You have a somewhat thin skeletal structure. (Dex +2, Stealth) [potion of mutation]
  3705 | D:4      | Gained mutation: You are agile. (Dex +2) [potion of mutation]
  3722 | D:4      | Reached XP level 7. HP: 17/59 MP: 9/9
  4382 | D:4      | Killed Gargoyl's ghost
  4984 | D:4      | Lost mutation: You are agile. (Dex +2) [potion of mutation]
  4984 | D:4      | Lost mutation: You have a somewhat thin skeletal structure. (Dex +2, Stealth) [potion of mutation]
  4984 | D:4      | Gained mutation: You are partially covered in large bone plates. (SH +4) [potion of mutation]
  4984 | D:4      | Gained mutation: You are somewhat resistant to further mutation. [potion of mutation]
  5431 | D:5      | Entered Level 5 of the Dungeon
  5461 | D:5      | Reached XP level 8. HP: 55/66 MP: 11/11
  5495 | D:5      | Reached skill level 5 in Armour
  5595 | D:5      | Gained mutation: Your magical capacity is low. (-10% MP) [mutagenic meat]
  5598 | D:5      | Gained mutation: You are frail. (-10% HP) [mutagenic meat]
  5599 | D:5      | Lost mutation: You are somewhat resistant to further mutation. [potion of mutation]
  5599 | D:5      | Lost mutation: You are frail. (-10% HP) [potion of mutation]
  5599 | D:5      | Lost mutation: Your magical capacity is low. (-10% MP) [potion of mutation]
  5599 | D:5      | Lost mutation: You are partially covered in large bone plates. (SH +4) [potion of mutation]
  5599 | D:5      | Gained mutation: You are resistant to electric shocks. (rElec) [potion of mutation]
  5599 | D:5      | Gained mutation: Your flesh is heat resistant. (rF+) [potion of mutation]
  5764 | D:5      | Reached skill level 1 in Dodging
  5768 | D:5      | Reached skill level 5 in Axes
  5768 | D:5      | Reached skill level 5 in Invocations
  6039 | D:5      | Found a staircase to the Ecumenical Temple.
  6147 | D:5      | Reached *** piety under Lugonu
  6567 | D:6      | Found Fuop's Jewellery Emporium.
  6672 | D:6      | Noticed Grinder
  6713 | D:6      | Paralysed by Grinder for 3 turns
  6721 | D:6      | Killed Grinder
  7378 | D:6      | Reached XP level 9. HP: 71/72 MP: 13/13
  8696 | D:7      | Reached **** piety under Lugonu
  9341 | D:7      | Reached skill level 5 in Fighting
 10394 | D:8      | Noticed Pikel
 10430 | D:8      | Killed Pikel
 10640 | D:8      | Noticed Grum
 11108 | D:7      | Killed Grum
 11108 | D:7      | Reached XP level 10. HP: 30/81 MP: 15/15
 11936 | D:8      | HP: 4/81 [killer bee (3)]
 11936 | D:8      | HP: 1/81 [killer bee (3)]
 11937 | D:8      | Succumbed to a killer bee's poison

Skill      XL: |  1  2  3  4  5  6  7  8  9 10 |
---------------+-------------------------------+-----
Armour         | 2 3 4 5 7 |  7.5
Axes           | 2 3 4 6 7 |  7.5
Invocations    | 3 4 5 6 7 |  7.0
Fighting       | 4 5 |  5.5
Dodging        | 1 |  1.6
Throwing       | |  0.9
Evocations     | |  0.1

Action                   |  1- 3 |  4- 6 |  7- 9 | 10-12 || total
-------------------------+-------+-------+-------+-------++-------
Melee: Hand axe          |    99 |   136 |   521 |    63 ||   819
       Kick              |    13 |    22 |   161 |    17 ||   213
Throw: Tomahawk          |       |       |    10 |       ||    10
Invok: Depart the Abyss  |     1 |       |       |       ||     1
Evoke: Wand              |       |       |     3 |       ||     3
  Use: Scroll            |     5 |       |     5 |     2 ||    12
       Potion            |       |     6 |     7 |       ||    13
  Eat: Chunk             |     2 |     3 |    23 |     2 ||    30
       Bread ration      |       |       |     1 |       ||     1
Armor: Plate armour      |    52 |       |       |       ||    52
       Chain mail        |    34 |   116 |   355 |    57 ||   562
Dodge: Dodged            |     7 |    35 |   119 |    22 ||   183
Block: Other             |       |       |     9 |       ||     9
